Workbook

Sheet Settings
A1: Home Currency | B1: HomeCurrency | D1: Card Issuers | F1: Fee Types | H1: Currency List | J1: Reimbursement Status | L1: Categories | N1: Owners/Employees | P1: YesNo
B2: USD | D2: Chase | F2: Annual Fee | H2: USD | J2: Not Requested | L2: Personal | N2: Gobindo | P2: Yes
D3: Citi | F3: Foreign Transaction Fee | H3: EUR | J3: Requested | L3: Business | N3: Employee 1 | P3: No
D4: AmEx | F4: Late Payment Fee | H4: GBP | J4: Reimbursed | L4: Mixed | N4: Employee 2
D5: Bank of America | F5: Interest Charge | H5: CAD | J5: Denied | N5: Other
D6: Capital One | F6: Balance Transfer Fee | H6: AUD
D7: Discover | F7: Cash Advance Fee | H7: JPY
D8: Other | F8: Overlimit Fee | H8: BDT
F9: Returned Payment Fee | H9: Other
F10: Service Fee
F11: ATM Fee
F12: Other

Sheet Data
A1: Date | B1: Card Issuer | C1: Card Name | D1: Card Last4 | E1: Transaction ID | F1: Merchant | G1: Fee Type | H1: Fee Description | I1: Fee Amount | J1: Currency | K1: Exchange Rate | L1: Amount_HomeCurrency | M1: Billing Cycle | N1: Statement Date | O1: Payment Due Date | P1: Category | Q1: Reimbursable | R1: Reimbursement Status | S1: Reimbursed Amount | T1: Reimbursed Date | U1: Tax Deductible | V1: Owner/Employee | W1: Receipt Link/File | X1: Notes | Y1: DuplicateFlag | Z1: RunningTotalByCard
A2: 2025-11-05 | B2: Chase | C2: Chase Sapphire | D2: 4321 | E2: TXN-1001 | F2: Airbnb | G2: Foreign Transaction Fee | H2: FX fee on booking | I2: 12.5 | J2: EUR | K2: 1.08 | L2: =IF(J2=Settings!$B$2,I2,ROUND(I2*K2,2)) -> 13.5 | M2: 2025-11 | N2: 2025-11-30 | O2: 2025-12-25 | P2: Personal | Q2: No | R2: Not Requested | S2: 0 | U2: No | V2: Gobindo | Y2: =IF(COUNTIF($E$2:$E$500,E2)>1,"DUP","") | Z2: =SUMIFS($L$2:$L$500,$B$2:$B$500,B2,$A$2:$A$500,"<="&A2) -> 0
A3: 2025-09-15 | B3: Citi | C3: Citi Double Cash | D3: 9876 | E3: TXN-1002 | F3: XYZ Store | G3: Late Payment Fee | H3: Late payment fee assessed | I3: 35 | J3: USD | K3: 1 | L3: =IF(J3=Settings!$B$2,I3,ROUND(I3*K3,2)) -> 35 | M3: 2025-09 | N3: 2025-09-30 | O3: 2025-10-25 | P3: Personal | Q3: Yes | R3: Requested | S3: 0 | U3: No | V3: Gobindo | Y3: =IF(COUNTIF($E$2:$E$500,E3)>1,"DUP","") | Z3: =SUMIFS($L$2:$L$500,$B$2:$B$500,B3,$A$2:$A$500,"<="&A3) -> 0
A4: 2025-01-05 | B4: AmEx | C4: AmEx Business | D4: 1111 | E4: TXN-1003 | F4: Office Depot | G4: Annual Fee | H4: Annual membership fee | I4: 95 | J4: USD | K4: 1 | L4: =IF(J4=Settings!$B$2,I4,ROUND(I4*K4,2)) -> 95 | M4: 2025-01 | N4: 2025-01-31 | O4: 2025-02-25 | P4: Business | Q4: No | R4: Not Requested | S4: 0 | U4: Yes | V4: Gobindo | Y4: =IF(COUNTIF($E$2:$E$500,E4)>1,"DUP","") | Z4: =SUMIFS($L$2:$L$500,$B$2:$B$500,B4,$A$2:$A$500,"<="&A4) -> 0

Sheet Summary
A1: Credit Card Fees Summary
A2: Report Date: | B2: =TODAY() -> 46053
A4: Year-to-Date Totals | E4: Fees by Card Issuer
A5: Total Fees (YTD): | B5: =SUMIFS(Data!$L:$L,Data!$A:$A,">="&DATE(YEAR(TODAY()),1,1)) -> 0 | E5: Card Issuer | F5: Total Fees
A6: Number of Transactions: | B6: =COUNTA(Data!$E:$E)-1 -> 3 | E6: Chase | F6: =SUMIF(Data!$B:$B,E6,Data!$L:$L) -> 13.5
E7: Citi | F7: =SUMIF(Data!$B:$B,E7,Data!$L:$L) -> 35
A8: Monthly Breakdown | E8: AmEx | F8: =SUMIF(Data!$B:$B,E8,Data!$L:$L) -> 95
A9: Billing Cycle | B9: Total Fees | C9: Transaction Count | E9: Bank of America | F9: =SUMIF(Data!$B:$B,E9,Data!$L:$L) -> 0
A10: 2025-01 | B10: =SUMIF(Data!$M:$M,A10,Data!$L:$L) -> 95 | C10: =COUNTIF(Data!$M:$M,A10) -> 1 | E10: Capital One | F10: =SUMIF(Data!$B:$B,E10,Data!$L:$L) -> 0
A11: 2025-02 | B11: =SUMIF(Data!$M:$M,A11,Data!$L:$L) -> 0 | C11: =COUNTIF(Data!$M:$M,A11) -> 0 | E11: Discover | F11: =SUMIF(Data!$B:$B,E11,Data!$L:$L) -> 0
A12: 2025-03 | B12: =SUMIF(Data!$M:$M,A12,Data!$L:$L) -> 0 | C12: =COUNTIF(Data!$M:$M,A12) -> 0 | E12: Other | F12: =SUMIF(Data!$B:$B,E12,Data!$L:$L) -> 0
A13: 2025-04 | B13: =SUMIF(Data!$M:$M,A13,Data!$L:$L) -> 0 | C13: =COUNTIF(Data!$M:$M,A13) -> 0
A14: 2025-05 | B14: =SUMIF(Data!$M:$M,A14,Data!$L:$L) -> 0 | C14: =COUNTIF(Data!$M:$M,A14) -> 0 | E14: Fees by Type
A15: 2025-06 | B15: =SUMIF(Data!$M:$M,A15,Data!$L:$L) -> 0 | C15: =COUNTIF(Data!$M:$M,A15) -> 0 | E15: Fee Type | F15: Total Fees
A16: 2025-07 | B16: =SUMIF(Data!$M:$M,A16,Data!$L:$L) -> 0 | C16: =COUNTIF(Data!$M:$M,A16) -> 0 | E16: Annual Fee | F16: =SUMIF(Data!$G:$G,E16,Data!$L:$L) -> 95
A17: 2025-08 | B17: =SUMIF(Data!$M:$M,A17,Data!$L:$L) -> 0 | C17: =COUNTIF(Data!$M:$M,A17) -> 0 | E17: Foreign Transaction Fee | F17: =SUMIF(Data!$G:$G,E17,Data!$L:$L) -> 13.5
A18: 2025-09 | B18: =SUMIF(Data!$M:$M,A18,Data!$L:$L) -> 35 | C18: =COUNTIF(Data!$M:$M,A18) -> 1 | E18: Late Payment Fee | F18: =SUMIF(Data!$G:$G,E18,Data!$L:$L) -> 35
A19: 2025-10 | B19: =SUMIF(Data!$M:$M,A19,Data!$L:$L) -> 0 | C19: =COUNTIF(Data!$M:$M,A19) -> 0 | E19: Interest Charge | F19: =SUMIF(Data!$G:$G,E19,Data!$L:$L) -> 0
A20: 2025-11 | B20: =SUMIF(Data!$M:$M,A20,Data!$L:$L) -> 13.5 | C20: =COUNTIF(Data!$M:$M,A20) -> 1 | E20: Balance Transfer Fee | F20: =SUMIF(Data!$G:$G,E20,Data!$L:$L) -> 0
A21: 2025-12 | B21: =SUMIF(Data!$M:$M,A21,Data!$L:$L) -> 0 | C21: =COUNTIF(Data!$M:$M,A21) -> 0 | E21: Cash Advance Fee | F21: =SUMIF(Data!$G:$G,E21,Data!$L:$L) -> 0
A23: Reimbursement Tracking
A24: Total Reimbursable: | B24: =SUMIFS(Data!$L:$L,Data!$Q:$Q,"Yes") -> 35
A25: Reimbursed Amount: | B25: =SUMIFS(Data!$S:$S,Data!$R:$R,"Reimbursed") -> 0
A26: Outstanding: | B26: =SUMIFS(Data!$L:$L,Data!$Q:$Q,"Yes",Data!$R:$R,"<>Reimbursed") -> 35

Sheet PivotReports
A1: Credit Card Fee Analysis - Pivot Reports
A2: Generated: | B2: =TODAY() -> 46053
A4: Fees by Card Issuer × Fee Type
A5: Card Issuer | B5: Annual Fee | C5: Foreign Txn | D5: Late Payment | E5: Other | F5: Total
A6: Chase | B6: =SUMIFS(Data!$L:$L,Data!$B:$B,$A6,Data!$G:$G,"Annual Fee") -> 0 | C6: =SUMIFS(Data!$L:$L,Data!$B:$B,$A6,Data!$G:$G,"Foreign Transaction Fee") -> 13.5 | D6: =SUMIFS(Data!$L:$L,Data!$B:$B,$A6,Data!$G:$G,"Late Payment Fee") -> 0 | E6: =SUMIFS(Data!$L:$L,Data!$B:$B,$A6,Data!$G:$G,"Other") -> 0 | F6: =SUM(B6:E6) -> 13.5
A7: Citi | B7: =SUMIFS(Data!$L:$L,Data!$B:$B,$A7,Data!$G:$G,"Annual Fee") -> 0 | C7: =SUMIFS(Data!$L:$L,Data!$B:$B,$A7,Data!$G:$G,"Foreign Transaction Fee") -> 0 | D7: =SUMIFS(Data!$L:$L,Data!$B:$B,$A7,Data!$G:$G,"Late Payment Fee") -> 35 | E7: =SUMIFS(Data!$L:$L,Data!$B:$B,$A7,Data!$G:$G,"Other") -> 0 | F7: =SUM(B7:E7) -> 35
A8: AmEx | B8: =SUMIFS(Data!$L:$L,Data!$B:$B,$A8,Data!$G:$G,"Annual Fee") -> 95 | C8: =SUMIFS(Data!$L:$L,Data!$B:$B,$A8,Data!$G:$G,"Foreign Transaction Fee") -> 0 | D8: =SUMIFS(Data!$L:$L,Data!$B:$B,$A8,Data!$G:$G,"Late Payment Fee") -> 0 | E8: =SUMIFS(Data!$L:$L,Data!$B:$B,$A8,Data!$G:$G,"Other") -> 0 | F8: =SUM(B8:E8) -> 95
A9: Bank of America | B9: =SUMIFS(Data!$L:$L,Data!$B:$B,$A9,Data!$G:$G,"Annual Fee") -> 0 | C9: =SUMIFS(Data!$L:$L,Data!$B:$B,$A9,Data!$G:$G,"Foreign Transaction Fee") -> 0 | D9: =SUMIFS(Data!$L:$L,Data!$B:$B,$A9,Data!$G:$G,"Late Payment Fee") -> 0 | E9: =SUMIFS(Data!$L:$L,Data!$B:$B,$A9,Data!$G:$G,"Other") -> 0 | F9: =SUM(B9:E9) -> 0
A10: Capital One | B10: =SUMIFS(Data!$L:$L,Data!$B:$B,$A10,Data!$G:$G,"Annual Fee") -> 0 | C10: =SUMIFS(Data!$L:$L,Data!$B:$B,$A10,Data!$G:$G,"Foreign Transaction Fee") -> 0 | D10: =SUMIFS(Data!$L:$L,Data!$B:$B,$A10,Data!$G:$G,"Late Payment Fee") -> 0 | E10: =SUMIFS(Data!$L:$L,Data!$B:$B,$A10,Data!$G:$G,"Other") -> 0 | F10: =SUM(B10:E10) -> 0
A11: Discover | B11: =SUMIFS(Data!$L:$L,Data!$B:$B,$A11,Data!$G:$G,"Annual Fee") -> 0 | C11: =SUMIFS(Data!$L:$L,Data!$B:$B,$A11,Data!$G:$G,"Foreign Transaction Fee") -> 0 | D11: =SUMIFS(Data!$L:$L,Data!$B:$B,$A11,Data!$G:$G,"Late Payment Fee") -> 0 | E11: =SUMIFS(Data!$L:$L,Data!$B:$B,$A11,Data!$G:$G,"Other") -> 0 | F11: =SUM(B11:E11) -> 0
A12: Other | B12: =SUMIFS(Data!$L:$L,Data!$B:$B,$A12,Data!$G:$G,"Annual Fee") -> 0 | C12: =SUMIFS(Data!$L:$L,Data!$B:$B,$A12,Data!$G:$G,"Foreign Transaction Fee") -> 0 | D12: =SUMIFS(Data!$L:$L,Data!$B:$B,$A12,Data!$G:$G,"Late Payment Fee") -> 0 | E12: =SUMIFS(Data!$L:$L,Data!$B:$B,$A12,Data!$G:$G,"Other") -> 0 | F12: =SUM(B12:E12) -> 0
A13: Total | B13: =SUM(B6:B12) -> 95 | C13: =SUM(C6:C12) -> 13.5 | D13: =SUM(D6:D12) -> 35 | E13: =SUM(E6:E12) -> 0 | F13: =SUM(F6:F12) -> 143.5
A15: Monthly Fee Trends (Last 12 Months)
A16: Month | B16: Total Fees | C16: Avg per Transaction | D16: Transaction Count
A17: 2025-01 | B17: =SUMIF(Data!$M:$M,A17,Data!$L:$L) -> 95 | C17: =IF(D17>0,B17/D17,0) -> 95 | D17: =COUNTIF(Data!$M:$M,A17) -> 1
A18: 2025-02 | B18: =SUMIF(Data!$M:$M,A18,Data!$L:$L) -> 0 | C18: =IF(D18>0,B18/D18,0) -> 0 | D18: =COUNTIF(Data!$M:$M,A18) -> 0
A19: 2025-03 | B19: =SUMIF(Data!$M:$M,A19,Data!$L:$L) -> 0 | C19: =IF(D19>0,B19/D19,0) -> 0 | D19: =COUNTIF(Data!$M:$M,A19) -> 0
A20: 2025-04 | B20: =SUMIF(Data!$M:$M,A20,Data!$L:$L) -> 0 | C20: =IF(D20>0,B20/D20,0) -> 0 | D20: =COUNTIF(Data!$M:$M,A20) -> 0
A21: 2025-05 | B21: =SUMIF(Data!$M:$M,A21,Data!$L:$L) -> 0 | C21: =IF(D21>0,B21/D21,0) -> 0 | D21: =COUNTIF(Data!$M:$M,A21) -> 0
A22: 2025-06 | B22: =SUMIF(Data!$M:$M,A22,Data!$L:$L) -> 0 | C22: =IF(D22>0,B22/D22,0) -> 0 | D22: =COUNTIF(Data!$M:$M,A22) -> 0
A23: 2025-07 | B23: =SUMIF(Data!$M:$M,A23,Data!$L:$L) -> 0 | C23: =IF(D23>0,B23/D23,0) -> 0 | D23: =COUNTIF(Data!$M:$M,A23) -> 0
A24: 2025-08 | B24: =SUMIF(Data!$M:$M,A24,Data!$L:$L) -> 0 | C24: =IF(D24>0,B24/D24,0) -> 0 | D24: =COUNTIF(Data!$M:$M,A24) -> 0
A25: 2025-09 | B25: =SUMIF(Data!$M:$M,A25,Data!$L:$L) -> 35 | C25: =IF(D25>0,B25/D25,0) -> 35 | D25: =COUNTIF(Data!$M:$M,A25) -> 1
A26: 2025-10 | B26: =SUMIF(Data!$M:$M,A26,Data!$L:$L) -> 0 | C26: =IF(D26>0,B26/D26,0) -> 0 | D26: =COUNTIF(Data!$M:$M,A26) -> 0
A27: 2025-11 | B27: =SUMIF(Data!$M:$M,A27,Data!$L:$L) -> 13.5 | C27: =IF(D27>0,B27/D27,0) -> 13.5 | D27: =COUNTIF(Data!$M:$M,A27) -> 1
A28: 2025-12 | B28: =SUMIF(Data!$M:$M,A28,Data!$L:$L) -> 0 | C28: =IF(D28>0,B28/D28,0) -> 0 | D28: =COUNTIF(Data!$M:$M,A28) -> 0

Sheet Charts
A1: Fee Analysis - Visual Dashboard
A2: Report Date: | B2: =TODAY() -> 46053
A4: Fees by Card Issuer
A5: Card Issuer | B5: Total Fees
A6: Chase | B6: =SUMIF(Data!$B:$B,A6,Data!$L:$L) -> 13.5
A7: Citi | B7: =SUMIF(Data!$B:$B,A7,Data!$L:$L) -> 35
A8: AmEx | B8: =SUMIF(Data!$B:$B,A8,Data!$L:$L) -> 95
A9: Bank of America | B9: =SUMIF(Data!$B:$B,A9,Data!$L:$L) -> 0
A10: Capital One | B10: =SUMIF(Data!$B:$B,A10,Data!$L:$L) -> 0
A11: Discover | B11: =SUMIF(Data!$B:$B,A11,Data!$L:$L) -> 0
A12: Other | B12: =SUMIF(Data!$B:$B,A12,Data!$L:$L) -> 0
A17: Monthly Fee Trend
A18: Month | B18: Total Fees
A19: Jan 2025 | B19: =SUMIF(Data!$M:$M,"2025-01",Data!$L:$L) -> 95
A20: Feb 2025 | B20: =SUMIF(Data!$M:$M,"2025-02",Data!$L:$L) -> 0
A21: Mar 2025 | B21: =SUMIF(Data!$M:$M,"2025-03",Data!$L:$L) -> 0
A22: Apr 2025 | B22: =SUMIF(Data!$M:$M,"2025-04",Data!$L:$L) -> 0
A23: May 2025 | B23: =SUMIF(Data!$M:$M,"2025-05",Data!$L:$L) -> 0
A24: Jun 2025 | B24: =SUMIF(Data!$M:$M,"2025-06",Data!$L:$L) -> 0
A25: Jul 2025 | B25: =SUMIF(Data!$M:$M,"2025-07",Data!$L:$L) -> 0
A26: Aug 2025 | B26: =SUMIF(Data!$M:$M,"2025-08",Data!$L:$L) -> 0
A27: Sep 2025 | B27: =SUMIF(Data!$M:$M,"2025-09",Data!$L:$L) -> 35
A28: Oct 2025 | B28: =SUMIF(Data!$M:$M,"2025-10",Data!$L:$L) -> 0
A29: Nov 2025 | B29: =SUMIF(Data!$M:$M,"2025-11",Data!$L:$L) -> 13.5
A30: Dec 2025 | B30: =SUMIF(Data!$M:$M,"2025-12",Data!$L:$L) -> 0

Sheet Printable_A4
A1: CREDIT CARD FEES TRACKER - QUICK ENTRY FORM
A2: Print Date: | B2: =TODAY() -> 46053
A4: Date | B4: Card Issuer | C4: Card Name | D4: Last4 | E4: Merchant | F4: Fee Type | G4: Amount | H4: Currency
A21: Instructions: Fill in fee details above. Transfer to Data sheet for tracking and analysis.

Sheet Printable_USLetter
A1: CREDIT CARD FEES TRACKER - QUICK ENTRY FORM
A2: Print Date: | B2: =TODAY() -> 46053
A4: Date | B4: Card Issuer | C4: Card Name | D4: Last4 | E4: Merchant | F4: Fee Type | G4: Amount | H4: Currency
A21: Instructions: Fill in fee details above. Transfer to Data sheet for tracking and analysis.

Sheet Instructions
A1: Credit Card Fees Tracker - Instructions
A3: HOW TO USE THIS WORKBOOK
A5: 1. Enter Fee Data - Go to the Data sheet and add new rows with your credit card fee information
A6: 2. Use Dropdowns - Most columns have dropdown lists. Click the cell to see available options
A7: 3. Required Fields - Date, Fee Type, Fee Amount, and Currency are required (blank cells highlighted pink)
A8: 4. Currency Conversion - If fee is in foreign currency, enter exchange rate. Amount_HomeCurrency calculates automatically
A9: 5. Review Summary - Check the Summary sheet for YTD totals, monthly breakdown, and analysis by card/fee type
A10: 6. Track Reimbursements - Mark fees as Reimbursable=Yes, update Reimbursement Status, enter Reimbursed Amount and Date
A11: 7. Print Forms - Use Printable_A4 or Printable_USLetter sheets for manual entry forms
A13: COLUMN EXPLANATIONS
A15: Date | B15: Transaction date when fee was charged
A16: Card Issuer | B16: Bank/company that issued the card (dropdown from Settings)
A17: Fee Type | B17: Category of fee (dropdown: Annual Fee, Foreign Transaction Fee, Late Payment, etc.)
A18: Fee Amount | B18: Amount charged in original currency
A19: Currency | B19: Currency code (dropdown: USD, EUR, GBP, etc.)
A20: Exchange Rate | B20: Conversion rate to home currency (default 1 if same currency)
A21: Amount_HomeCurrency | B21: Calculated field: Fee Amount × Exchange Rate (if different currency)
A22: Reimbursable | B22: Yes/No - whether this fee can be reimbursed by employer
A23: DuplicateFlag | B23: Auto-calculated: Shows DUP if Transaction ID appears more than once
A24: RunningTotalByCard | B24: Auto-calculated: Cumulative total of fees per card issuer up to this date
A27: HOW TO CUSTOMIZE
A29: Add Card Issuers | B29: Go to Settings sheet, add to Card Issuers list (column D)
A30: Add Currencies | B30: Go to Settings sheet, add to Currency List (column H)
A31: Change Home Currency | B31: Go to Settings sheet, edit cell B2 (default is USD)
A32: Add Employees | B32: Go to Settings sheet, add to Owners/Employees list (column N)
A34: KEYBOARD SHORTCUTS
A36: Ctrl + Home | B36: Go to cell A1
A37: Ctrl + End | B37: Go to last used cell
A38: Ctrl + Arrow | B38: Jump to edge of data region
A39: Alt + Down Arrow | B39: Open dropdown list in cell
A41: CHANGELOG
A43: Version 1.0 | B43: 2025-12-30 - Initial template created
B44: Features: Fee tracking, currency conversion, reimbursement tracking, summary dashboard
B49: DISCLAIMER
B50: For informational use only. Not financial or legal advice.
B52: © Credit Card Wind. All rights reserved.
